 Dungeon Crawl Stone Soup version 0.32-a0-485-g70f7560b1c (webtiles) character file.

Game seed: 16377583112769743676

67288 ytrimaz the Toxicologist (level 15, 0/100 HPs)
             Began as an Octopode Shapeshifter on Feb 27, 2024.
             Was an Elder of Ashenzari.
             Slain by a fire dragon (6 damage)
             ... on level 15 of the Dungeon.
             The game lasted 00:43:17 (28126 turns).

ytrimaz the Toxicologist (Octopode Shapeshifter)   Turns: 28126, Time: 00:43:18

Health: 0/100      AC:  1    Str: 16    XL:     15   Next: 22%
Magic:  12/18      EV: 29    Int: 18    God:    Ashenzari [****..]
Gold:   849        SH:  0    Dex: 17    Spells: 5/19 levels left

rFire   . .          .
                       - Unarmed
rCold   . . .        (shield currently unavailable)
rNeg    + + .        (helmet restricted)
rPois   +            w - amulet "Lashed Pantheism" {RegenMP, Range, Dev} (curse)
rElec   .            d - ring "Sublime Ennui" {Dex+6, Melee, Elem} (curse)
rCorr   .            l - ring of Ouranomancy {EV+5, Melee, Cun} (curse)
SInv    +            f - ring of the Astral Seer {rPois, Comp, Melee} (curse)
Will    +....        C - ring "Restrained Rationality" {rN+, Comp, Bglg} (curse)
Stlth   +++          z - ring of the Chained Apathy {SInv, Melee, Sorc} (curse)
HPRegen 0.36/turn    t - ring of Toth-Mos's Legacy {rPois, Dev, Cun} (curse)
MPRegen 0.56/turn    I - ring of the Perceptive Moon {rN+, Elem, Sorc} (curse)
                     (no ring)

%: clarity
@: mighty, flux-form, glowing, studying 2 skills
A: glow, contaminating, almost no armour, amphibious, 8 rings, camouflage 1,
gelatinous body 1, (nimble swimmer 1), tentacles
a: Begin Untransformation, Renounce Religion, Curse Item, Shatter the Chains


You were on level 15 of the Dungeon.
You worshipped Ashenzari.
Ashenzari was greatly pleased with you.
You were something dangerously unstable.
You visited 4 branches of the dungeon, and saw 23 of its levels.
You visited 1 bazaar.

You collected 2442 gold pieces.
You spent 1593 gold pieces at shops.


Innate Abilities, Weirdness & Mutations

You are something dangerously unstable.
You glow with magical radiation, making you easy to see and hit.
Foes you strike become dangerously contaminated with magical radiation.
You are incapable of wielding weapons or throwing items.
You cannot wear most types of armour.
You are amphibious.
You can wear up to eight rings at the same time.
Your skin changes colour to match your surroundings (Stealth+).
Your rubbery body absorbs attacks. (AC +1, EV +1)
((You are camouflaged when in or above water. (Stealth+)))
You have tentacles for arms and can constrict up to eight enemies at once.


   Skills:
 + Level 8.5 Fighting
 - Level 8.8(11.6) Dodging
 - Level 9.7(12.4) Stealth
 - Level 14.5(18.8) Unarmed Combat
 - Level 2.6 Spellcasting
 * Level 5.2(7.8) Conjurations
 - Level 2.6(4.1) Hexes
 - Level 14.5(17.1) Alchemy
 * Level 13.2(15.8) Shapeshifting


You had 5 spell levels left.
You knew the following spells:

 Your Spells              Type           Power      Damage    Failure   Level
a - Alistair's Intoxicat  Alch           39%        N/A       1%          5
b - Yara's Violent Unrav  Hex/Alch       20%        3d9       6%          5
c - Olgreb's Toxic Radia  Alch           59%        N/A       1%          4

Your spell library contained the following spells:

 Spells                   Type           Power      Damage    Failure   Level
 Sting                    Conj/Alch      100%       1d9       1%          1
 Mercury Vapours          Alch/Air       66%        N/A       1%          2
 Shock                    Conj/Air       68%        1d7       3%          1
 Jinxbite                 Hex            34%        N/A       4%          2
 Dazzling Flash           Conj/Hex       48%        N/A       4%          3
 Hailstorm                Conj/Ice       17%        3d6       10%         3
 Apportation              Tloc           6%         N/A       16%         1
 Iskenderun's Battlesphe  Conj           30%        2d8       19%         5
 Cause Fear               Hex            8%         N/A       30%         4
 Fugue of the Fallen      Necr           3%         N/A       41%         3
 Ozocubu's Armour         Ice            3%         N/A       41%         3
 Summon Ice Beast         Ice/Summ       3%         N/A       41%         3
 Swiftness                Air            3%         N/A       41%         3
 Volatile Blastmotes      Fire/Tloc      6%         2d10      41%         3
 Anguish                  Hex/Necr       5%         N/A       54%         4
 Airstrike                Air            1%         2d(1-17)  82%         4
 Manifold Assault         Tloc           3%         N/A       83%         4
 Sculpt Simulacrum        Ice/Alch       16%        N/A       58%         6
 Bombard                  Conj/Erth      8%         9d2       99%         6
 Starburst                Conj/Fire      8%         6d4       99%         6
 Enfeeble                 Hex            8%         N/A       100%        7
 Spellforged Servitor     Conj/Summ      8%         N/A       100%        7
 Lehudib's Crystal Spear  Conj/Erth      8%         10d4      100%        8
 Maxwell's Capacitive Co  Air            1%         โˆž       100%        8

Inventory:

Missiles
 F - 4 throwing nets
Jewellery
 d - the cursed ring "Sublime Ennui" (left tentacle) {Dex+6, Melee, Elem}
   (You found it on level 1 of the Dungeon)

   [ring of dexterity]

   Dex+6:     It affects your dexterity (+6).
   It has a curse which improves the following skills: Melee Combat: Short
   Blades, Long Blades, Axes, Maces & Flails, Polearms, Staves and Unarmed
   Combat.
   Elements:  Fire Magic, Ice Magic, Air Magic and Earth Magic.
 f - the cursed ring of the Astral Seer (on tentacle) {rPois, Comp, Melee}
   (You found it on level 4 of the Dungeon)

   [ring of poison resistance]

   rPois:     It protects you from poison It has a curse which improves the
   following skills: Companions: Summonings and Necromancy.
   Melee Combat: Short Blades, Long Blades, Axes, Maces & Flails, Polearms,
   Staves and Unarmed Combat.
 l - the cursed ring of Ouranomancy (right tentacle) {EV+5, Melee, Cun}
   (You found it on level 3 of the Dungeon)

   [ring of evasion]

   EV+5:      It affects your evasion (+5).
   It has a curse which improves the following skills: Melee Combat: Short
   Blades, Long Blades, Axes, Maces & Flails, Polearms, Staves and Unarmed
   Combat.
   Cunning:   Dodging and Stealth.
 t - the cursed ring of Toth-Mos's Legacy (on tentacle) {rPois, Dev, Cun}
   (You found it on level 12 of the Dungeon)

   [ring of poison resistance]

   rPois:     It protects you from poison It has a curse which improves the
   following skills: Devices: Evocations and Shapeshifting.
   Cunning:   Dodging and Stealth.
 w - the cursed amulet "Lashed Pantheism" (around mantle) {RegenMP, Range, Dev}
   (You found it on level 13 of the Dungeon)

   [amulet of magic regeneration]

   RegenMP:   It increases your rate of magic regeneration.
   It has a curse which improves the following skills: Ranged Combat: Ranged
   Weapons and Throwing.
   Devices:   Evocations and Shapeshifting.
 z - the cursed ring of the Chained Apathy (on tentacle) {SInv, Melee, Sorc}
   (You took it off an orc wizard on level 7 of the Dungeon)

   [ring of see invisible]

   SInv:      It lets you see invisible.
   It has a curse which improves the following skills: Melee Combat: Short
   Blades, Long Blades, Axes, Maces & Flails, Polearms, Staves and Unarmed
   Combat.
   Sorcery:   Conjurations and Alchemy.
 C - the cursed ring "Restrained Rationality" (on tentacle) {rN+, Comp, Bglg}
   (You found it on level 7 of the Dungeon)

   [ring of positive energy]

   rN+:       It protects you from negative energy.
   It has a curse which improves the following skills: Companions: Summonings
   and Necromancy.
   Beguiling: Hexes and Translocations.
 I - the cursed ring of the Perceptive Moon (on tentacle) {rN+, Elem, Sorc}
   (You found it on level 3 of the Lair of Beasts)

   [ring of positive energy]

   rN+:       It protects you from negative energy.
   It has a curse which improves the following skills: Elements: Fire Magic, Ice
   Magic, Air Magic and Earth Magic.
   Sorcery:   Conjurations and Alchemy.
Talismans
 b - a beast talisman
 c - a flux talisman (active)
 x - a blade talisman
   (You found it on level 10 of the Dungeon)
 E - the storm talisman of Gozag's Whim {Int-5 Dex+5}
   (You found it on level 2 of the Lair of Beasts)

   [storm talisman]

   Int-5:     It affects your intelligence (-5).
   Dex+5:     It affects your dexterity (+5).
Wands
 a - a wand of flame (26)
   (You found it on level 6 of the Dungeon)
 j - a wand of polymorph (6)
   (You took it off an orc on level 7 of the Dungeon)
 o - a wand of digging (5)
   (You found it on level 4 of the Dungeon)
 u - a wand of acid (2)
   (You found it on level 5 of the Dungeon)
 y - a wand of iceblast (6)
   (You found it on level 6 of the Dungeon)
Scrolls
 h - 2 scrolls of amnesia
 k - 2 scrolls of vulnerability
 n - 6 scrolls of enchant armour
 s - 8 scrolls of identify
 B - 2 scrolls of brand weapon
 D - a scroll of silence
Potions
 e - 3 potions of brilliance
 g - 3 potions of curing
 i - 2 potions of mutation
 p - 3 potions of enlightenment
Miscellaneous
 m - a lightning rod (4/4)
   (You found it on level 14 of the Dungeon)

Dungeon Overview and Level Annotations

Branches:
Dungeon (15/15) Zot: 26891  Temple (1/1) D:6 Zot: 5986    Lair (5/5) D:11 Zot: 23406
 Shoals (0/4) Lair:3       Spider (0/4) Lair:3        Slime (0/5) Lair:4
    Orc (2/2) D:9 Zot: 8854     Elf (0/3) Orc:2        Vaults (0/5) D:13
 Depths (0/4) D:15

Altars:
Ashenzari
Cheibriados
Dithmenos
Elyvilon
Fedhas
Gozag
Hepliaklqana
Kikubaaqudgha
Makhleb
Nemelex Xobeh
Okawaru
Qazlal
Ru
Sif Muna
Trog
Uskayaw
Vehumet
Wu Jian
Xom
Yredelemnul
Zin
The Shining One
Beogh
Jiyva

Shops:
D:11 *   Orc:2 :[*(

Portals:
Trove: D:14 (give 5 potions of resistance)

Annotations:
D:4 1 runed translucent door, knightboat's ghost, amateur GnRe
D:8 5 runed translucent doors, Joseph
D:12 exclusion: centaur, Jorgrun
Lair:2 exclusions: hydra and 1 more exclusion
Orc:1 4 transporters

####### #.....# ***
#.....################*******,*
#......D..............,,,,,,,,,
#.....########.######********,*
#.....# #.# *,* ###.### #.# *,*
#{# #p# *,* #.# ##D# *,* #.#
##).# **,, #.# #โˆฉ).# *****
*,,, #D# *##).# *,,,*****,,,
#.#######.##.# *,*,,,,,,,**
#...?..D...#)# *,,,*******
#..####....#.#*****,** *****
#..# *,^,....,,,,,,* *,,,,


You could see a fire dragon (heavy contam).


Message History

The centaur looks even sicker.
You kill the centaur!
A centaur comes into view.
The centaur warrior completely misses you.
The centaur warrior kicks you but does no damage.
The centaur misses you. The centaur kicks you.
The centaur shouts!
You tentacle-slap the centaur warrior.
The centaur warrior begins to glow.
You squeeze the centaur warrior.
The centaur warrior looks as sick as possible!
The centaur is poisoned.
You hear a skittering sound.
The centaur warrior misses you.
The centaur warrior completely misses you. ๐Ÿ˜ฎ HP[-3] MP[+1]
You take 3 damage, and now have 70/100 hp.
A wolf spider comes into view.
You kill the centaur warrior!
The wolf spider is poisoned.
The centaur wields a +0 orcbow.
The centaur shoots an arrow.
The arrow misses you. The centaur misses you.
The centaur completely misses you. x2; The centaur misses you.
The centaur shoots an arrow.
The arrow completely misses you.
You see here a +0 orcbow. ๐Ÿ˜ฎ HP[+1] Unknown command.
A fire dragon comes into view.
The centaur looks even sicker.
Your toxic aura wanes.
You kill the centaur!
The centaur wields a +3 shortbow.
The centaur shoots an arrow.
The arrow closely misses you. ๐Ÿ˜ฎ MP[+1]
Casting: Olgreb's Toxic Radiance (safe; 1% risk of failure)
Confirm with . or Enter, or press ? or * to list all spells.
You begin to radiate toxic energy.
The wolf spider looks even sicker.
Unknown command. ๐Ÿ˜ฎ MP[-4]
You lost 4 mp, and now have 11/18 mp.
Casting: Olgreb's Toxic Radiance (safe; 1% risk of failure)
Confirm with . or Enter, or press ? or * to list all spells.
Your toxic radiance grows in intensity.
The wolf spider looks even sicker.
The centaur looks even sicker.
Unknown command. ๐Ÿ˜ฎ HP[+1] MP[-3]
You lost 3 mp, and now have 8/18 mp.
Okay, then.
Okay, then.
Unknown command.
The wolf spider attacks as it pursues you!
The wolf spider barely misses you. The wolf spider bites you.
The wolf spider misses you.
The wolf spider closely misses you. ๐Ÿ˜ฎ HP[-6]
You take 6 damage, and now have 66/100 hp.
You kill the centaur!
The wolf spider attacks as it pursues you!
The wolf spider hits you!
The wolf spider closely misses you. ๐Ÿ˜ฎ HP[-9] MP[+1]
You take 9 damage, and now have 57/100 hp.
The wolf spider looks as sick as possible!
You kill the wolf spider!
There is a fountain of sparkling water here. ๐Ÿ˜ฎ HP[+1] ๐Ÿ˜ฎ MP[+1]
Okay, then.
Casting: Olgreb's Toxic Radiance (safe; 1% risk of failure)
Confirm with . or Enter, or press ? or * to list all spells.
Okay, then.
Press: ? - help, v - describe, . - travel
Here: a fire dragon The floor.
Okay, then.
Okay, then.
Press: ? - help, v - describe, . - travel
Here: a fire dragon The floor.
You feel very mighty all of a sudden.
Your toxic aura wanes. ๐Ÿ˜ฎ MP[+1]
The fire dragon breathes flames at you.
The blast of flame misses you. ๐Ÿ˜ฎ HP[+1]
The fire dragon breathes flames at you. The blast of flame hits you!!!
* * * LOW HITPOINT WARNING * * *
There is a fountain of sparkling water here. ๐Ÿ˜ฑ HP[-41] MP[+1]
You take 41 damage, and now have 18/100 hp.
MASSIVE DAMAGE!! (PAUSE)
You bludgeon the fire dragon!
The fire dragon begins to glow.
The fire dragon bites you!
* * * LOW HITPOINT WARNING * * *
The fire dragon completely misses you. x2 ๐Ÿ˜ฑ HP[-13]
You take 13 damage, and now have 5/100 hp.
Unknown command.
Okay, then.
You bludgeon the fire dragon!
The fire dragon glows dangerously bright.
You squeeze the fire dragon, but do no damage.
The fire dragon misses you. The fire dragon claws you.
You die...

Skill      XL: |  1  2  3  4  5  6  7  8  9 10 11 12 13 14 15 |
---------------+----------------------------------------------+-----
Stealth        | 1 2 6 9 |  9.7
Unarmed Combat | 4 5 6 8 10 11 12 14 | 14.5
Shapeshifting  | 4 5 6 7 9 10 11 12 13 | 13.2
Fighting       | 3 4 5 7 8 |  8.5
Dodging        | 6 8 |  8.8
Alchemy        | 6 11 13 14 | 14.5
Spellcasting   | 2 |  2.6
Hexes          | 2 |  2.6
Conjurations   | 3 5 |  5.2

Action                     |  1- 3 |  4- 6 |  7- 9 | 10-12 | 13-15 || total
---------------------------+-------+-------+-------+-------+-------++-------
  Melee: Unarmed           |    81 |    39 |   278 |   514 |   582 ||  1494
         Constrict         |    21 |     6 |    67 |    63 |    86 ||   243
         Tentacles         |    11 |    10 |    77 |   163 |   149 ||   410
         Punch             |     1 |     2 |     1 |    17 |    65 ||    86
   Cast: Alistair's Intoxi |       |       |       |     1 |    10 ||    11
         Yara's Violent Un |       |       |       |       |     5 ||     5
         Olgreb's Toxic Ra |       |       |       |       |     4 ||     4
 Invoke: Curse Item        |       |       |       |     4 |     4 ||     8
  Evoke: Wand              |       |       |     5 |    16 |    18 ||    39
    Use: Scroll            |       |     6 |    11 |     6 |    11 ||    34
         Potion            |       |     1 |     3 |     6 |     6 ||    16
   Stab: Sleeping          |    13 |     4 |       |     3 |    20 ||    40
         Confused          |       |       |       |     1 |     2 ||     3
         Distracted        |       |       |       |     1 |     2 ||     3
 Armour: Skin              |    21 |    26 |    93 |   233 |   276 ||   649
  Dodge: Dodged            |    32 |    11 |   233 |   583 |   745 ||  1604
   Form: Flux              |     1 |       |     1 |     1 |     2 ||     5
         Beast             |     1 |       |       |       |       ||     1
         Blade             |       |       |       |     2 |     2 ||     4
         Storm             |       |       |       |       |     2 ||     2

Levels and vault maps discovered:
D:1:      heliophobic_arrival_henge, layout_rooms
D:2:      layout_loops_ring, basic_altar, minmay_fractal_squares_gapless_5
D:3:      layout_loops_ring, nicolae_ru_awakened_eye, cheibrodos_worm_habitat,
          grunt_qazlal_clouds, ebering_ecumenical_altar_hall
D:4:      layout_basic, hellmonk_ghost_happy_afterlife, minivault_5, uniq_pikel
D:5:      minmay_chambers_of_threes, layout_cave_pods
D:6:      layout_loops_corners, minmay_temple_entry_glassed_door
D:7:      layout_rooms, mainiacjoe_overflow_alcove_1
D:8:      layout_rooms, st_stairs_13, minmay_guarded_unrand_staff_of_olgreb,
          uniq_joseph
D:9:      layout_roguey, elyvilon_altar_3, zin_angel,
          nicolae_tso_swordbearing_angel,
          kennysheep_orc_monster_closet_entryway, serial_ice, serial_ice_n,
          serial_ice_d, serial_ice_c, serial_ice_l, serial_ice_h, serial_ice_a,
          serial_ice_g, serial_ice_f, serial_ice_o, serial_ice_m, uniq_erolcha
D:10:     layout_basic, uniq_maggie
D:11:     layout_loops_ring, david_lair_generic, serial_shops, kennysheep_mini
D:12:     layout_irregular_city, kennysheep_generic_room_3, uniq_psyche,
          uniq_jorgrun
D:13:     layout_small_grid, david_vaults_2, statue_in_the_mist_lemuel,
          uniq_snorg, uniq_kirke
D:14:     layout_cave_pods, nemelex_lonely_heart_becter,
          nicolae_trove_entry_diagonal
D:15:     hangedman_depths_entry_try_elsewhere_first, layout_loops_ring,
          serial_park_fountain, serial_shops, bzr_entry_road
Temple:   bh_familiar_temple
Lair:1:   layout_hall_layers
Lair:2:   layout_big_grid, portal_ice_cave_entry_ice_simulacra,
          infiniplex_staircase_pool, uniq_harold, uniq_nergalle
Lair:3:   layout_big_grid, minmay_shoals_entry_centaurs,
          spider_nest_entry_funnel_web, uniq_nessos
Lair:4:   layout_misc_corridors, slime_entry_1, serial_bayou_shore_a,
          infiniplex_staircase_pool_2
Lair:5:   minmay_lair_end_enchanted_forest, layout_regular_city
Orc:1:    dreamdust_wu_jian_sword_trials, layout_caves, serial_shops,
          abandoned_shop
Orc:2:    grunt_orc_cross, layout_caves

Notes
Turn   | Place    | Note
-------+----------+-------------------------------------------
     0 | D:1      | ytrimaz the Octopode Shapeshifter began the quest for the
                  | Orb.
     0 | D:1      | Reached XP level 1. HP: 13/13 MP: 1/1
     0 | D:1      | magus.rc [v1.9.6]
   134 | D:1      | Reached skill level 1 in Stealth
   169 | D:1      | Reached XP level 2. HP: 16/18 MP: 2/2
   644 | D:2      | Reached XP level 3. HP: 17/23 MP: 3/3
   681 | D:2      | Reached skill level 2 in Stealth
   826 | D:2      | Found a shimmering altar of Xom.
   835 | D:2      | You pick up a book of Spectacle and begin reading...
   835 | D:2      | You add the spells Volatile Blastmotes, Dazzling Flash,
                  | Starburst and Maxwell's Capacitive Coupling to your
                  | library.
  1538 | D:3      | Found a stormy altar of Qazlal.
  1570 | D:3      | Found a sacrificial altar of Ru.
  1742 | D:3      | Noticed a phantom
  1970 | D:3      | Killed a phantom
  1971 | D:3      | Reached skill level 4 in Unarmed Combat
  1971 | D:3      | Reached skill level 4 in Shapeshifting
  1971 | D:3      | Reached XP level 4. HP: 16/29 MP: 4/4
  1971 | D:3      | Reached XP level 5. HP: 18/34 MP: 5/5
  2052 | D:3      | Found a faded altar of an unknown god.
  2146 | D:3      | Found a snail-covered altar of Cheibriados.
  2451 | D:4      | Found a runed translucent door.
  2451 | D:4      | Noticed knightboat's ghost (amateur GnRe)
  2463 | D:4      | HP: 6/34 [sleepcap (19)]
  2467 | D:4      | Reached skill level 2 in Fighting
  2593 | D:4      | You pick up a book of the Tundra and begin reading...
  2593 | D:4      | You add the spells Hailstorm, Summon Ice Beast and Sculpt
                  | Simulacrum to your library.
  2852 | D:4      | Noticed a lemure
  2852 | D:4      | Noticed Pikel
  2853 | D:4      | Noticed a lemure
  2853 | D:4      | Noticed a lemure
  2854 | D:4      | Noticed a lemure
  2875 | D:4      | Killed a lemure
  2885 | D:4      | Killed Pikel
  2886 | D:4      | Reached skill level 3 in Fighting
  2886 | D:4      | Reached skill level 5 in Unarmed Combat
  2886 | D:4      | Reached skill level 5 in Shapeshifting
  2886 | D:4      | Reached XP level 6. HP: 39/42 MP: 6/6
  2886 | D:4      | Reached XP level 7. HP: 43/46 MP: 7/7
  3761 | D:5      | Entered Level 5 of the Dungeon
  3783 | D:5      | Reached skill level 6 in Shapeshifting
  3971 | D:5      | Identified a scroll of acquirement
  3980 | D:5      | Reached skill level 4 in Fighting
  3980 | D:5      | Reached XP level 8. HP: 34/54 MP: 8/8
  4241 | D:5      | Reached skill level 6 in Unarmed Combat
  4241 | D:5      | Reached skill level 7 in Shapeshifting
  4602 | D:5      | Reached skill level 5 in Fighting
  5232 | D:6      | Reached XP level 9. HP: 61/61 MP: 9/9
  5249 | D:6      | Reached skill level 7 in Unarmed Combat
  5273 | D:6      | Reached skill level 3 in Dodging
  5501 | D:6      | Acquired a manual of Alchemy
  5533 | D:6      | Reached skill level 6 in Fighting
  5679 | D:6      | Found a staircase to the Ecumenical Temple.
  5769 | Temple   | Entered the Ecumenical Temple
  6247 | D:6      | Reached skill level 4 in Dodging
  7038 | D:7      | Found a broken altar of Ashenzari.
  7168 | D:7      | Reached skill level 8 in Unarmed Combat
  7200 | D:7      | Became a worshipper of Ashenzari the Shackled
  7271 | D:7      | Reached skill level 7 in Fighting
  7369 | D:7      | Reached skill level 5 in Dodging
  7428 | D:7      | You pick up a book of Hexes and begin reading...
  7428 | D:7      | You add the spells Anguish, Cause Fear and Enfeeble to your
                  | library.
  7627 | D:8      | Noticed a two-headed ogre
  7644 | D:8      | Killed a two-headed ogre
  7645 | D:8      | Reached skill level 6 in Dodging
  7645 | D:8      | Reached XP level 10. HP: 39/71 MP: 10/10
  7786 | D:8      | Reached skill level 9 in Unarmed Combat
  8038 | D:8      | Found the +9 staff of Olgreb {rPoisโˆž}
  8049 | D:8      | Found a runed translucent gate.
  8049 | D:8      | Found a runed translucent gate.
  8050 | D:8      | Found a runed translucent door.
  8063 | D:8      | Found a runed translucent gate.
  8073 | D:8      | Found a runed translucent door.
  8103 | D:8      | Noticed Joseph
  8703 | D:9      | Found a glowing golden altar of the Shining One.
  8858 | D:9      | Noticed Erolcha
  8864 | D:9      | Killed Erolcha
  8865 | D:9      | Reached skill level 7 in Dodging
  8899 | D:9      | Reached skill level 10 in Unarmed Combat
  8936 | D:9      | HP: 12/71 [electric eel/bolt of electricity (11)]
  9338 | D:9      | Reached skill level 8 in Dodging
  9756 | D:9      | Found a glowing silver altar of Zin.
  9756 | D:9      | Noticed an angel
  9819 | D:9      | Found a white marble altar of Elyvilon.
  9897 | D:9      | Found a staircase to the Orcish Mines.
  9909 | D:9      | Reached XP level 11. HP: 75/75 MP: 11/11
 10095 | D:10     | Entered Level 10 of the Dungeon
 10191 | D:10     | Identified the +6 long sword of the Transmuting Gods
                  | {venom, Int+5}
 10197 | D:10     | Noticed Maggie
 10210 | D:10     | Killed Maggie
 10245 | D:10     | Reached skill level 1 in Alchemy
 10249 | D:10     | Reached skill level 3 in Stealth
 10260 | D:10     | Reached skill level 11 in Unarmed Combat
 10524 | D:10     | You pick up a book of Air and begin reading...
 10524 | D:10     | You add the spells Shock, Swiftness and Airstrike to your
                  | library.
 10706 | D:10     | Reached * piety under Ashenzari
 10728 | D:10     | You pick up a book of Party Tricks and begin reading...
 10728 | D:10     | You add the spells Apportation, Jinxbite and Alistair's
                  | Intoxication to your library.
 10825 | D:10     | Noticed a two-headed ogre
 10833 | D:10     | Killed a two-headed ogre
 10834 | D:10     | Reached skill level 2 in Alchemy
 11151 | D:11     | Found a staircase to the Lair.
 11158 | D:11     | Reached skill level 3 in Alchemy
 11169 | D:11     | Reached skill level 4 in Stealth
 11331 | D:11     | Reached skill level 4 in Alchemy
 11483 | D:11     | Reached skill level 8 in Shapeshifting
 11778 | D:11     | Found Kysef's Assorted Antiques.
 11781 | D:11     | Bought a scroll labelled MAAHED QUFA for 23 gold pieces
 11970 | D:12     | Reached skill level 5 in Stealth
 11996 | D:12     | HP: 26/112 [yak (7)]
 12002 | D:12     | Reached skill level 5 in Alchemy
 12010 | D:12     | HP: 24/112 [yak (5)]
 12209 | D:12     | Noticed a boulder beetle
 12222 | D:12     | Killed a boulder beetle
 12223 | D:12     | Reached skill level 6 in Stealth
 12223 | D:12     | Reached skill level 6 in Alchemy
 12434 | D:12     | Noticed Jorgrun
 12462 | D:12     | Noticed Psyche
 12480 | D:12     | Killed Psyche
 12530 | D:12     | Reached skill level 9 in Shapeshifting
 12530 | D:12     | Reached XP level 12. HP: 70/81 MP: 12/12
 12718 | D:12     | Reached skill level 7 in Stealth
 12718 | D:12     | Reached skill level 7 in Alchemy
 12730 | D:12     | HP: 15/81 [yak (6)]
 12736 | D:12     | HP: 12/81 [yak (11)]
 12764 | D:12     | HP: 14/81 [yak (4)]
 13139 | D:12     | Noticed a two-headed ogre
 13147 | D:12     | Killed a two-headed ogre
 13618 | D:13     | Noticed a centaur warrior
 13662 | D:13     | Reached skill level 8 in Alchemy
 13664 | D:13     | Noticed a two-headed ogre
 13668 | D:13     | Killed a centaur warrior
 13669 | D:13     | Reached skill level 8 in Stealth
 13829 | D:13     | Noticed Snorg
 13836 | D:12     | Reached ** piety under Ashenzari
 13871 | D:13     | Killed a two-headed ogre
 13872 | D:13     | Reached skill level 10 in Shapeshifting
 13902 | D:13     | Noticed a seven-headed hydra
 14091 | D:13     | Reached skill level 9 in Alchemy
 14295 | D:13     | Noticed an entropy weaver
 14371 | Lair:1   | Entered Level 1 of the Lair of Beasts
 14383 | Lair:1   | Reached skill level 9 in Stealth
 14526 | D:11     | Reached skill level 10 in Alchemy
 14652 | Lair:1   | HP: 13/81 [elephant (11)]
 14927 | Lair:1   | Reached skill level 11 in Alchemy
 15057 | Lair:1   | Learned a level 5 spell: Alistair's Intoxication
 15233 | Lair:1   | Noticed a skyshark
 15340 | Lair:1   | Killed a skyshark
 15341 | Lair:1   | Reached skill level 12 in Unarmed Combat
 15415 | Lair:1   | Reached XP level 13. HP: 86/86 MP: 13/13
 15585 | Lair:1   | You pick up a book of Misfortune and begin reading...
 15626 | Lair:1   | Reached skill level 12 in Alchemy
 16294 | Lair:2   | Noticed Harold
 16302 | Lair:2   | Killed Harold
 16304 | Lair:2   | Identified the storm talisman of Gozag's Whim {Int-5 Dex+5}
 16334 | Lair:2   | Reached skill level 13 in Unarmed Combat
 16344 | Lair:2   | Reached *** piety under Ashenzari
 16794 | Lair:2   | Found a frozen archway.
 17065 | Lair:2   | Reached skill level 13 in Alchemy
 17318 | Lair:2   | Noticed Nergalle
 17323 | Lair:2   | Killed Nergalle
 17537 | Lair:2   | HP: 20/86 [four-headed hydra (16)]
 17538 | Lair:2   | HP: 9/129 [four-headed hydra (5)]
 18491 | Lair:3   | Reached **** piety under Ashenzari
 18507 | Lair:3   | Found a hole to the Spider Nest.
 18612 | Lair:3   | Found a staircase to the Shoals.
 18613 | Lair:3   | Noticed Nessos
 19128 | Lair:3   | Killed Nessos
 19515 | Lair:4   | Reached skill level 11 in Shapeshifting
 19600 | Lair:4   | Found a viscous altar of Jiyva.
 19601 | Lair:4   | Found a staircase to the Slime Pits.
 20069 | Lair:5   | Entered Level 5 of the Lair of Beasts
 20098 | Lair:5   | Reached skill level 14 in Unarmed Combat
 20105 | Lair:5   | Reached XP level 14. HP: 87/92 MP: 14/14
 20109 | Lair:5   | Reached skill level 14 in Alchemy
 20718 | Lair:5   | HP: 23/92 [poisoned by a water moccasin]
 21047 | Orc:1    | Entered Level 1 of the Orcish Mines
 21104 | Orc:1    | Learned a level 5 spell: Yara's Violent Unravelling
 21199 | Orc:1    | Found a transporter.
 21200 | Orc:1    | Found an ornate altar of the Wu Jian Council.
 21200 | Orc:1    | Noticed an orc warlord
 21219 | Orc:1    | Found a transporter.
 21228 | Orc:1    | Found a transporter.
 21709 | Orc:1    | Found an ornate altar of the Wu Jian Council.
 21709 | Orc:1    | Found a transporter.
 21965 | Orc:2    | Entered Level 2 of the Orcish Mines
 22070 | Orc:2    | Reached skill level 1 in Spellcasting
 22101 | Orc:2    | Reached skill level 1 in Hexes
 22417 | Orc:2    | Noticed Urug
 22455 | Orc:2    | Killed Urug
 22456 | Orc:2    | Reached skill level 12 in Shapeshifting
 22553 | Orc:2    | Noticed an orc warlord
 23364 | Orc:2    | Reached skill level 2 in Spellcasting
 23364 | Orc:2    | Reached skill level 2 in Hexes
 23640 | Orc:2    | Found a roughly hewn altar of Beogh.
 23685 | Orc:2    | Killed an orc warlord
 23688 | Orc:2    | Found Hehav's Book Shoppe.
 23701 | Orc:2    | Found Joseuhang's Antique Weapon Shoppe.
 23876 | Orc:2    | Found Yrusa's General Store.
 23905 | Orc:2    | Bought The Last Almanac of Ostanes for 270 gold pieces
 23914 | Orc:2    | Found Ameunal's Antique Armour Shoppe.
 24130 | Orc:2    | Found a staircase to the Elven Halls.
 24695 | D:13     | Killed Snorg
 24696 | D:13     | Reached skill level 1 in Conjurations
 24963 | D:13     | Noticed Kirke
 24972 | D:14     | HP: 19/93 [large slime creature (33)]
 24977 | D:14     | Reached skill level 2 in Conjurations
 24979 | D:14     | HP: 8/93 [slime creature (13)]
 25383 | D:13     | Noticed a sphinx
 25389 | D:14     | Killed Kirke
 25399 | D:13     | Reached skill level 8 in Fighting
 25409 | D:13     | Reached skill level 3 in Conjurations
 25433 | D:13     | HP: 20/94 [seven-headed hydra (7)]
 25433 | D:13     | HP: 9/94 [seven-headed hydra (11)]
 25928 | D:13     | You pick up a book of Power and begin reading...
 25928 | D:13     | You add the spells Iskenderun's Battlesphere, Bombard and
                  | Spellforged Servitor to your library.
 26149 | D:13     | Reached XP level 15. HP: 88/99 MP: 18/18
 26330 | D:13     | Found a gate to the Vaults.
 26442 | D:14     | Reached skill level 4 in Conjurations
 26814 | D:14     | Found a portal to a secret trove of treasure.
 26946 | D:14     | Reached skill level 13 in Shapeshifting
 27117 | D:14     | Found a sparkling altar of Nemelex Xobeh.
 27189 | D:14     | HP: 19/99 [slime creature (15)]
 27192 | D:14     | HP: 4/99 [slime creature (16)]
 27459 | D:14     | You pick up a book of Battle and begin reading...
 27459 | D:14     | You add the spells Fugue of the Fallen, Ozocubu's Armour
                  | and Manifold Assault to your library.
 27667 | D:15     | Entered Level 15 of the Dungeon
 27674 | D:15     | Reached skill level 5 in Conjurations
 27754 | D:15     | Found a flickering gateway to a bazaar.
 27758 | D:15     | HP: 15/99 [centaur warrior (11)]
 27759 | Bazaar   | Entered a bazaar
 27759 | Bazaar   | Found Hutur's Antique Weapon Shop.
 27759 | Bazaar   | Found Lomiuh's Magic Scroll Shop.
 28015 | Bazaar   | Found Ageos's Antique Armour Boutique.
 28015 | Bazaar   | Found Nekk's Book Boutique.
 28034 | Bazaar   | Found Byagoet's General Store.
 28083 | Bazaar   | Bought a manual of Earth Magic for 1040 gold pieces
 28084 | Bazaar   | Acquired 752 gold pieces
 28087 | Bazaar   | Bought a Young Poisoner's Handbook for 260 gold pieces
 28087 | Bazaar   | You add the spells Sting, Mercury Vapours and Olgreb's
                  | Toxic Radiance to your library.
 28092 | Bazaar   | Learned a level 4 spell: Olgreb's Toxic Radiance
 28124 | D:15     | HP: 18/100 [fire dragon/blast of flame (41)]
 28125 | D:15     | HP: 5/100 [fire dragon (13)]
 28126 | D:15     | Slain by a fire dragon

Vanquished Creatures
  Kirke (D:14)
  An orc warlord (Orc:2)
  Nessos (Lair:3)
  Snorg (D:13)
  An ettin (Orc:2)
  Harold (Lair:2)
  Erolcha (D:9)
  3 hydras
  5 centaur warriors
  A boulder beetle (D:12)
  Urug (Orc:2)
  4 two-headed ogres
  2 orc high priests (Orc:2)
  Nergalle (Lair:2)
  4 skysharks
  An arcanist (D:14)
  A glowing orange brain (shapeshifter) (D:13)
  A lindwurm (Lair:2)
  Pikel (D:4)
  3 orc knights (Orc:2)
  A deep elf pyromancer (D:14)
  A wolf spider (D:15)
  4 ugly things (D:13)
  2 cyclopes
  A salamander (shapeshifter) (D:13)
  3 orc sorcerers (Orc:2)
  3 meliai (D:13)
  7 elephants
  A manticore (D:13)
  A black mamba (shapeshifter) (D:13)
  6 black mambas
  2 gargoyles
  A torpor snail (Lair:5)
  7 cane toads
  2 unseen horrors (D:12)
  3 rime drakes
  A freezing wraith (D:14)
  Maggie (D:10)
  A yaktaur (D:15)
  Psyche (D:12)
  7 komodo dragons
  7 trolls
  4 polar bears
  11 blink frogs
  12 slime creatures
  2 culicivoras (Lair:3)
  A shadow (D:10)
  2 wraiths
  47 yaks
  2 wyverns
  7 basilisks
  A steam dragon (D:6)
  2 hogs (D:14)
  A death yak simulacrum (Lair:2)
  2 redbacks (Lair:3)
  2 wargs
  15 water moccasins
  5 ice beasts (D:9)
  5 sky beasts
  26 orc warriors
  4 black bears
  12 ogres
  2 laughing skulls (D:13)
  16 wolves
  24 centaurs
  A lemure (D:4)
  2 phantoms
  2 kobold brigands
  9 bullfrogs
  A gnoll sergeant (D:5)
  A scorpion (D:7)
  9 wights
  10 killer bees
  An electric eel (D:9)
  3 howler monkeys (D:11)
  2 hounds
  A bombardier beetle (D:5)
  2 sleepcaps
  5 jellies
  13 orc priests
  4 iguanas
  21 orc wizards
  2 polar bear simulacra (Lair:2)
  A centaur simulacrum (D:9)
  A killer bee simulacrum (D:9)
  6 adders
  10 gnolls
  3 white imps (D:9)
  A howler monkey simulacrum (D:9)
  2 ufetubi (D:9)
  3 dart slugs
  2 ribbon worms
  68 orcs
  5 endoplasms
  2 giant cockroaches (D:1)
  8 goblins
  4 hobgoblins
  6 jackals (D:5)
  2 quokkas
  5 ball pythons
  2 bats (D:2)
  4 frilled lizards
  18 kobolds
  6 rats
551 creatures vanquished.

Vanquished Creatures (others)
  A human (D:14)
1 creature vanquished.

Grand Total: 552 creatures vanquished

Table legend:
 A = Non-vault XP
 B = Vault XP
 C = Vault XP percentage of total XP
 D = Non-vault monster count
 E = Vault monster count
 F = Vault count percentage of total count
                 A         B        C        D         E       F
            +---------+---------+-------+---------+---------+-------
      Total |   74485 |   21642 |  22.5 |     439 |     111 |  20.2
            +---------+---------+-------+---------+---------+-------
        D:1 |      30 |       0 |   0.0 |      17 |       0 |   0.0
        D:2 |      25 |      14 |  35.9 |      16 |       1 |   5.9
        D:3 |     120 |       5 |   4.0 |       9 |       1 |  10.0
        D:4 |      94 |     651 |  87.4 |      10 |       1 |   9.1
        D:5 |     685 |     525 |  43.4 |      26 |      12 |  31.6
        D:6 |    1298 |       0 |   0.0 |      19 |       0 |   0.0
        D:7 |     874 |       0 |   0.0 |      29 |       0 |   0.0
        D:8 |    1931 |      70 |   3.5 |      14 |       1 |   6.7
        D:9 |     833 |    2997 |  78.3 |      15 |      34 |  69.4
       D:10 |    1822 |     365 |  16.7 |      13 |       1 |   7.1
       D:11 |    1603 |    1024 |  39.0 |      12 |       4 |  25.0
       D:12 |    7136 |     690 |   8.8 |      24 |       2 |   7.7
       D:13 |    8279 |    2646 |  24.2 |      20 |       4 |  16.7
       D:14 |    8508 |    1638 |  16.1 |      26 |       3 |  10.3
       D:15 |    2343 |       0 |   0.0 |       8 |       0 |   0.0
     Lair:1 |   10304 |       0 |   0.0 |      43 |       0 |   0.0
     Lair:2 |    6291 |    1890 |  23.1 |      25 |       5 |  16.7
     Lair:3 |    2492 |    2161 |  46.4 |       7 |       8 |  53.3
     Lair:4 |    3590 |       0 |   0.0 |      14 |       0 |   0.0
     Lair:5 |    9787 |       0 |   0.0 |      30 |       0 |   0.0
      Orc:1 |    2241 |       6 |   0.3 |      36 |       2 |   5.3
      Orc:2 |    4199 |    6960 |  62.4 |      26 |      32 |  55.2
            +---------+---------+-------+---------+---------+-------

Skill      XL: |  1  2  3  4  5  6  7  8  9 10 11 12 13 14 15 |
---------------+----------------------------------------------+-----
Stealth        | 1 2 6 9 |  9.7
Unarmed Combat | 4 5 6 8 10 11 12 14 | 14.5
Shapeshifting  | 4 5 6 7 9 10 11 12 13 | 13.2
Fighting       | 3 4 5 7 8 |  8.5
Dodging        | 6 8 |  8.8
Alchemy        | 6 11 13 14 | 14.5
Spellcasting   | 2 |  2.6
Hexes          | 2 |  2.6
Conjurations   | 3 5 |  5.2

Action                     |  1- 3 |  4- 6 |  7- 9 | 10-12 | 13-15 || total
---------------------------+-------+-------+-------+-------+-------++-------
  Melee: Unarmed           |    81 |    39 |   278 |   514 |   582 ||  1494
         Constrict         |    21 |     6 |    67 |    63 |    86 ||   243
         Tentacles         |    11 |    10 |    77 |   163 |   149 ||   410
         Punch             |     1 |     2 |     1 |    17 |    65 ||    86
   Cast: Alistair's Intoxi |       |       |       |     1 |    10 ||    11
         Yara's Violent Un |       |       |       |       |     5 ||     5
         Olgreb's Toxic Ra |       |       |       |       |     4 ||     4
 Invoke: Curse Item        |       |       |       |     4 |     4 ||     8
  Evoke: Wand              |       |       |     5 |    16 |    18 ||    39
    Use: Scroll            |       |     6 |    11 |     6 |    11 ||    34
         Potion            |       |     1 |     3 |     6 |     6 ||    16
   Stab: Sleeping          |    13 |     4 |       |     3 |    20 ||    40
         Confused          |       |       |       |     1 |     2 ||     3
         Distracted        |       |       |       |     1 |     2 ||     3
 Armour: Skin              |    21 |    26 |    93 |   233 |   276 ||   649
  Dodge: Dodged            |    32 |    11 |   233 |   583 |   745 ||  1604
   Form: Flux              |     1 |       |     1 |     1 |     2 ||     5
         Beast             |     1 |       |       |       |       ||     1
         Blade             |       |       |       |     2 |     2 ||     4
         Storm             |       |       |       |       |     2 ||     2

Illustrated notes

Table legend:
 A = Kills in this place as a percentage of kills in the entire game.
 B = Kills by you in this place as a percentage of kills by you in the entire game.
 C = Kills by friends in this place as a percentage of kills by friends in the entire game.
 D = Other kills in this place as a percentage of other kills in the entire game.
 E = Experience gained in this place as a percentage of experience gained in the entire game.
 F = Experience gained in this place divided by the number of levels of this place that you have seen.
                   A       B       C       D       E      F
               +-------+-------+-------+-------+-------+----------------------
         Total | 100.0 | 100.0 |   N/A |   N/A | 100.0 | 4005.3
       Dungeon |  58.5 |  58.5 |   N/A |   N/A |  48.1 | 3080.4
          Lair |  24.0 |  24.0 |   N/A |   N/A |  38.0 | 7303.0
  Orcish Mines |  17.5 |  17.5 |   N/A |   N/A |  13.9 | 6703.0
               +-------+-------+-------+-------+-------+----------------------

Table legend: (Time is in decaauts)
 A = Elapsed time spent in this place.
 B = Non-inter-level travel time spent in this place.
 C = Inter-level travel time spent in this place.
 D = Time resting spent in this place.
 E = Time spent auto-exploring this place.
 F = Levels seen in this place.
 G = Mean time per level.
                   A        B        C        D        E       F      G
               +--------+--------+--------+--------+--------+-----+--------+
         Total |  27779 |  26436 |   1343 |   3298 |  18684 |  24 | 1157.5 |
       Dungeon |  17681 |  16893 |    788 |   1975 |  12377 |  15 | 1178.7 |
        Temple |     13 |      7 |      6 |      0 |      0 |   1 |   13.0 |
          Lair |   6593 |   6170 |    423 |    579 |   4414 |   5 | 1318.6 |
  Orcish Mines |   3145 |   3020 |    125 |    508 |   1852 |   2 | 1572.5 |
        Bazaar |    344 |    344 |      0 |    236 |     40 |   1 |  344.0 |
               +--------+--------+--------+--------+--------+-----+--------+

Top non-repeatable levels by time:
   Orc:2: 2091 daAuts
  Lair:1: 2003 daAuts
  Lair:2: 1958 daAuts
    D:12: 1892 daAuts
    D:13: 1709 daAuts
    D:14: 1706 daAuts
     D:6: 1576 daAuts
     D:9: 1426 daAuts
     D:5: 1392 daAuts
     D:4: 1356 daAuts
    D:11: 1169 daAuts
    D:10: 1059 daAuts
     D:8: 1058 daAuts
   Orc:1: 1054 daAuts
  Lair:4: 980 daAuts
